 Dungeon Crawl Stone Soup version 0.31-a0-1370-gf52a5a9ab3 (webtiles) character file.

Game seed: 16744670291773673616

18958 PyroL the Frost Mage (level 12, -5/106 HPs)
             Began as a Pale Draconian Ice Elementalist on Nov 8, 2023.
             Was a Believer of Vehumet.
             Killed by vampiric draining
             ... invoked by a vampire
              (19 damage)
             ... on level 12 of the Dungeon on Dec 24, 2023.
             The game lasted 00:48:11 (17578 turns).

PyroL the Frost Mage (DrIE)                        Turns: 17578, Time: 00:48:11

Health: -5/106     AC: 18    Str: 10    XL:     12   Next: 32%
Magic:  1/22       EV: 16    Int: 20    God:    Vehumet [**....]
Gold:   567        SH:  0    Dex: 13    Spells: 13/25 levels left

rFire   x . .        j - +2 dagger (protect)
rCold   + . .        (no shield)
rNeg    . . .        (body armour unavailable)
rPois   .            (helmet restricted)
rElec   .            B - +0 cloak
rCorr   +            o - +0 pair of gloves
SInv    .            l - +0 pair of boots
Will    .....        (no amulet)
Stlth   ++           g - ring of ice
HPRegen 0.37/turn    p - ring of resist corrosion
MPRegen 0.18/turn

%: no passive effects
@: under a protective aura, freezing walls
A: breathe steam, AC +8, unfitting armour, cold-blooded, steam resistance
a: Breathe Steam, Renounce Religion


You were on level 12 of the Dungeon.
You worshipped Vehumet.
Vehumet was pleased with you.
You visited 2 branches of the dungeon, and saw 13 of its levels.
You also visited: Sewer.

You collected 567 gold pieces.

Inventory:

Hand Weapons
 c - a +2 dagger of venom
 j - a +2 dagger of protection (weapon)
Missiles
 t - 5 curare-tipped darts
 x - a throwing net
Armour
 l - a +0 pair of boots (worn)
 o - a +0 pair of gloves (worn)
 B - a +0 cloak (worn)
Magical Staves
 H - a staff of cold
Jewellery
 g - a ring of ice (left hand)
 h - a ring of see invisible
 p - a ring of resist corrosion (right hand)
 K - a ring of ice
Wands
 A - a wand of quicksilver (10)
 C - a wand of iceblast (25)
 L - a wand of flame (24)
Scrolls
 e - 6 scrolls of immolation
 f - 2 scrolls of teleportation
 m - 4 scrolls of silence {unknown}
 n - 3 scrolls of fear {unknown}
 q - 2 scrolls of summoning {unknown}
 u - a scroll of vulnerability {unknown}
 v - a scroll of torment
 w - 4 scrolls of enchant weapon
 y - 2 scrolls of enchant armour {unknown}
 D - 2 scrolls of poison {unknown}
 E - a scroll of acquirement {unknown}
 G - a scroll of revelation {unknown}
 I - a scroll of brand weapon {unknown}
 J - a scroll of amnesia {unknown}
 M - a scroll of noise {unknown}
 N - a scroll of blinking {unknown}
Potions
 a - 3 potions of magic
 b - 3 potions of enlightenment
 d - 2 potions of attraction {unknown}
 i - a potion of invisibility
 k - a potion of berserk rage {unknown}
 r - 4 potions of cancellation
 s - a potion of heal wounds
 z - 4 potions of might
 F - 3 potions of curing


   Skills:
 - Level 10.0 Fighting
 - Level 10.0 Dodging
 - Level 1.7 Stealth
 - Level 7.0 Spellcasting
 + Level 0.9 Conjurations
 + Level 10.0 Ice Magic
 - Level 9.2 Air Magic
 - Level 5.0 Evocations


You had 13 spell levels left.
You knew the following spells:

 Your Spells              Type           Power      Damage    Failure   Level
a - Freeze                Ice            100%       1d10      1%          1
b - Ozocubu's Armour      Ice            63%        N/A       1%          3
c - Frozen Ramparts       Ice            100%       1d16      1%          3
d - Freezing Cloud        Conj/Ice/Air   25%        6-21      16%         5

Your spell library contained the following spells:

 Spells                   Type           Power      Damage    Failure   Level
 Shock                    Conj/Air       100%       1d9       1%          1
 Mercury Vapours          Alch/Air       50%        N/A       2%          2
 Foxfire                  Conj/Fire      36%        2x1d5     8%          1
 Sting                    Conj/Alch      36%        1d5       8%          1
 Sandblast                Erth           14%        2d6       10%         1
 Summon Ice Beast         Ice/Summ       40%        N/A       12%         4
 Passwall                 Alch/Erth      5%         N/A       14%         2
 Stone Arrow              Conj/Erth      18%        3d8       22%         3
 Metabolic Englaciation   Hex/Ice        20%        N/A       32%         5
 Brom's Barrelling Bould  Conj/Erth      9%         2d3       58%         4
 Leda's Liquefaction      Alch/Erth      3%         N/A       67%         4
 Olgreb's Toxic Radiance  Alch           7%         N/A       67%         4
 Petrify                  Alch/Erth      7%         N/A       67%         4
 Ozocubu's Refrigeration  Ice            31%        4d14      77%         7
 Plasma Beam              Fire/Air       12%        2x1d23    91%         6
 Yara's Violent Unravell  Hex/Alch       3%         3d4       95%         5
 Starburst                Conj/Fire      4%         6d4       100%        6


Dungeon Overview and Level Annotations

Branches:
Dungeon (12/15)            Temple (1/1) D:7            Lair (0/5) D:11
    Orc (0/2) D:10          Sewer (visited)

Altars:
Ashenzari
Cheibriados
Dithmenos
Elyvilon
Fedhas
Gozag
Hepliaklqana
Kikubaaqudgha
Makhleb
Nemelex Xobeh
Okawaru
Qazlal
Ru
Sif Muna
Trog
Uskayaw
Vehumet
Wu Jian
Xom
Yredelemnul
Zin
The Shining One

Shops:
D:1 ?   D:3 (   D:5 :   D:10 [

Annotations:
D:1 1 runed translucent door


Innate Abilities, Weirdness & Mutations

You can breathe blasts of scalding, opaque steam.
Your pale cyan-grey scales are hard. (AC +8)
You cannot fit into any form of body armour.
You are cold-blooded and may be slowed by cold attacks.
You are immune to the effects of steam.


Message History

Okay, then.
You hit something but do no damage.
Your weapon exudes an aura of protection.
Your tail-slap misses something.
The wall freezes something but does no damage.
Something hits you.
* * * LOW HITPOINT WARNING * * *
Something bites you but does no damage.
Okay, then.
You hit something.
The wall freezes something but does no damage.
Something barely misses you. Something bites you.
* * * LOW HITPOINT WARNING * * *
Something draws strength from your injuries!
Casting: Frozen Ramparts (safe; 1% risk of failure)
Confirm with . or Enter, or press ? or * to list all spells.
You don't know that spell.
Casting: Frozen Ramparts (safe; 1% risk of failure)
Confirm with . or Enter, or press ? or * to list all spells.
You don't have enough magic to cast this spell.
Unknown command.
You hit something.
The wall freezes something but does no damage.
Something hits you but does no damage. Something bites you but does no damage.
You hit something.
The wall freezes something.
Something hits you but does no damage. Something bites you but does no damage.
You hit something but do no damage.
Your tail-slap misses something.
The wall freezes something.
Something hits you but does no damage. Something bites you but does no damage.
You hit something but do no damage.
You have got your breath back.
The wall freezes something but does no damage.
Something hits you.
* * * LOW HITPOINT WARNING * * *
Something bites you but does no damage.
You hit something.
The wall freezes something.
Something hits you but does no damage. Something bites you but does no damage.
You miss something.
Your tail-slap misses something.
The wall freezes something.
Something draws life force from you!!
You die...

........... ......... .
.......##.##.......
......#....#......
#.....#....#......
#.........##......
#.................
########.............##
.##..#..@{...............
....................<....
#........................
#.......###..###....#####
.......####..#.#....^.#
..#......#..<......#..# .
#...............##....#
#........<.............
#..............#.......#


There were no monsters in sight!

Vanquished Creatures
  Josephine (D:10)
  A catoblepas (D:11)
  3 boulder beetles
  Erica (D:10)
  A two-headed ogre (D:9)
  5 death yaks (D:11)
  The ghost of Lobster4 the Ducker, a novice DjGl of Makhleb (D:6)
  An orc knight (D:10)
  A manticore (D:11)
  2 cyclopes (D:11)
  Maurice (D:9)
  A komodo dragon (D:10)
  A troll (D:11)
  Prince Ribbit (D:5)
  The ghost of Grorgnorb the Magician, an amateur HuHW of Kikubaaqudgha (D:4)
  A wyvern (D:10)
  4 wraiths (D:10)
  19 yaks
  A steam dragon (D:7)
  5 vampire mosquitoes (D:11)
  A water moccasin (D:8)
  An acid dragon (D:8)
  2 orc warriors
  A black bear (D:8)
  3 centaurs (D:8)
  3 ogres
  2 phantoms
  8 kobold brigands
  A scorpion (D:6)
  5 bullfrogs
  15 wights
  8 killer bees
  5 howler monkeys
  3 electric eels
  6 hounds
  3 jellies (D:6)
  5 orc priests
  Crazy Yiuf (D:5)
  A gnoll bouda (D:3)
  2 sleepcaps (D:6)
  3 orc wizards
  13 gnolls
  10 adders
  2 river rats (Sewer)
  3 white imps
  2 ufetubi (D:6)
  7 worms
  3 dart slugs
  26 orcs
  16 ball pythons
  8 bats
  9 endoplasms
  3 giant cockroaches
  4 goblins
  4 hobgoblins
  7 jackals
  5 quokkas
  A frilled lizard (D:1)
  17 kobolds
  7 rats
278 creatures vanquished.

Notes
Turn   | Place    | Note
-------+----------+-------------------------------------------
     0 | D:1      | PyroL the Draconian Ice Elementalist began the quest for
                  | the Orb.
     0 | D:1      | Reached XP level 1. HP: 14/14 MP: 3/3
     0 | D:1      | Noticed a jelly
     1 | D:1      | Found a runed translucent door.
   166 | D:1      | Reached XP level 2. HP: 19/20 MP: 1/5
   346 | D:1      | Found The Oracle's Delphic Readings.
   912 | D:2      | Reached XP level 3. HP: 12/26 MP: 3/6
   985 | D:2      | Learned a level 3 spell: Ozocubu's Armour
   989 | D:2      | Learned a level 3 spell: Frozen Ramparts
  1173 | D:2      | Reached skill level 5 in Ice Magic
  1223 | D:2      | Reached XP level 4. HP: 21/33 MP: 2/8
  2016 | D:3      | Reached XP level 5. HP: 22/38 MP: 4/9
  2092 | D:3      | Found Gafef's Weapon Shoppe.
  2114 | D:3      | Found a glowing drain.
  2118 | Sewer    | Entered a sewer
  2583 | Sewer    | Reached XP level 6. HP: 33/45 MP: 7/11
  3342 | D:3      | Found an iron altar of Okawaru.
  3344 | D:3      | Found a runed translucent door.
  3348 | D:3      | Found the +0 toga "Victory" {*Victory Clar}
  3521 | D:4      | Your scales start taking on a pale cyan-grey colour.
  3521 | D:4      | Reached XP level 7. HP: 50/50 MP: 13/13
  3521 | D:4      | Gained mutation: You are immune to the effects of steam.
                  | [Pale Draconian growth]
  3631 | D:4      | Found a runed translucent door.
  3634 | D:4      | Noticed Grorgnorb's ghost (amateur HuHW)
  3671 | D:4      | Found an ornate altar of the Wu Jian Council.
  3758 | D:4      | Reached skill level 1 in Fighting
  4113 | D:4      | Killed Grorgnorb's ghost
  4169 | D:5      | Entered Level 5 of the Dungeon
  4293 | D:5      | Found Xiatel's Book Shop.
  4558 | D:5      | Noticed Prince Ribbit
  4566 | D:5      | Reached XP level 8. HP: 56/66 MP: 7/14
  4572 | D:5      | Killed Prince Ribbit
  4629 | D:5      | Reached skill level 5 in Fighting
  4957 | D:5      | Found a runed translucent door.
  4958 | D:5      | Noticed Crazy Yiuf
  4999 | D:5      | Killed Crazy Yiuf
  5290 | D:6      | Reached skill level 5 in Dodging
  5449 | D:6      | Found a runed translucent door.
  5451 | D:6      | Noticed Lobster4's ghost (novice DjGl)
  6101 | D:6      | Found a hazy altar of Hepliaklqana.
  6305 | D:6      | Reached XP level 9. HP: 66/78 MP: 15/15
  6644 | D:6      | Killed Lobster4's ghost
  7187 | D:7      | Reached skill level 1 in Evocations
  7595 | D:7      | Found a large runed translucent door.
  7596 | D:7      | Found a large runed translucent door.
  7924 | D:7      | Found a staircase to the Ecumenical Temple.
  7974 | Temple   | Entered the Ecumenical Temple
  7986 | Temple   | Became a worshipper of Vehumet
  8656 | D:7      | Found a snail-covered altar of Cheibriados.
  8659 | D:7      | Found a basalt altar of Yredelemnul.
  8695 | D:8      | Identified the "Vuhasch"
  9226 | D:7      | Reached skill level 5 in Spellcasting
  9328 | D:7      | Reached * piety under Vehumet
  9328 | D:7      | Offered knowledge of Kiss of Death by Vehumet.
  9339 | D:7      | Reached XP level 10. HP: 26/83 MP: 5/17
  9849 | D:7      | Reached skill level 5 in Evocations
 11418 | D:8      | Reached skill level 1 in Air Magic
 11656 | D:9      | Noticed a boulder beetle
 11785 | D:9      | Killed a boulder beetle
 11786 | D:9      | Reached skill level 10 in Ice Magic
 11978 | D:9      | Noticed a two-headed ogre
 12972 | D:10     | Entered Level 10 of the Dungeon
 13435 | D:10     | Found a glowing silver altar of Zin.
 13470 | D:10     | Reached skill level 5 in Air Magic
 13697 | D:10     | Noticed a boulder beetle
 13757 | D:10     | Killed a boulder beetle
 13758 | D:10     | Reached XP level 11. HP: 36/93 MP: 1/21
 14012 | D:10     | Noticed Erica
 14337 | D:9      | Killed a two-headed ogre
 14469 | D:10     | Found a staircase to the Orcish Mines.
 14470 | D:10     | Noticed an orc knight
 14538 | D:10     | Found Imomut's Armour Shop.
 14605 | D:10     | Killed an orc knight
 14705 | D:10     | Offered knowledge of Shock by Vehumet.
 14772 | D:10     | Noticed Maurice
 14846 | D:10     | Reached ** piety under Vehumet
 14967 | D:10     | Something stole a condenser vane
 14989 | D:9      | Maurice stole a ring of protection from fire
 14992 | D:9      | Killed Maurice
 15218 | D:10     | Noticed Josephine
 15227 | D:10     | Killed Josephine
 15459 | D:10     | Learned a level 5 spell: Freezing Cloud
 15948 | D:10     | Killed Erica
 16153 | D:10     | Upgraded the game from 0.31-a0-986-g5e6e4ef867 to
                  | 0.31-a0-1370-gf52a5a9ab3
 16180 | D:11     | Noticed a death yak
 16181 | D:11     | Noticed a death yak
 16183 | D:11     | Noticed a death yak
 16185 | D:11     | Noticed a death yak
 16189 | D:11     | Noticed a death yak
 16189 | D:11     | Killed a death yak
 16192 | D:11     | Killed a death yak
 16192 | D:11     | Killed a death yak
 16198 | D:11     | Killed a death yak
 16214 | D:11     | Killed a death yak
 16215 | D:11     | Reached XP level 12. HP: 52/106 MP: 1/22
 16413 | D:11     | Reached skill level 10 in Fighting
 16687 | D:11     | Noticed a catoblepas
 16707 | D:11     | Killed a catoblepas
 17048 | D:11     | Found a staircase to the Lair.
 17217 | D:11     | Noticed a boulder beetle
 17242 | D:11     | Killed a boulder beetle
 17243 | D:11     | Reached skill level 10 in Dodging
 17578 | D:12     | Killed from afar by a vampire

Illustrated notes

Levels and vault maps discovered:
D:1:      dpeg_arrival_caged_fury, layout_basic, nicolae_nh_oracle_at_delphi
D:2:      layout_basic
D:3:      layout_rooms, nicolae_overflow_guarded_unrand_okawaru_victory,
          serial_shops, shop, mainiacjoe_sewer_entry_somewhere_in_here_2
D:4:      layout_cave_pools, mainiacjoe_overflow_concentric_impassable,
          ebering_ghost_sewer_d
D:5:      layout_loops_ring, serial_shops, nicolae_book_shop_shelving,
          uniq_crazy_yiuf_cottage, uniq_prince_ribbit1
D:6:      layout_basic, nicolae_hepliaklqana_hazy_memory,
          ebering_ghost_reflecting_pool, kennysheep_generic_room_16
D:7:      layout_basic, jmf_multi_god_temple2, minmay_temple_entry_antechambers,
          minivault_14
D:8:      layout_cave_pods, kennysheep_generic_room_11
D:9:      layout_big_octagon, amcnicky_mini_pool_medium
D:10:     layout_grid_maze, lemuel_crystal_altar, orc_david_3, uniq_erica,
          uniq_maurice, uniq_josephine
D:11:     layout_rooms, dpeg_lair_monsters
D:12:     layout_cave_pools
Temple:   nicolae_temple_superstar

Skill      XL: |  1  2  3  4  5  6  7  8  9 10 11 12 |
---------------+-------------------------------------+-----
Ice Magic      | 5 6 7 8 10 | 10.0
Spellcasting   | 3 4 5 7 |  7.0
Fighting       | 3 6 7 9 10 | 10.0
Dodging        | 3 6 8 10 | 10.0
Evocations     | 4 5 |  5.0
Air Magic      | 6 9 |  9.2
Stealth        | |  1.7
Conjurations   | |  0.9

Action                     |  1- 3 |  4- 6 |  7- 9 | 10-12 || total
---------------------------+-------+-------+-------+-------++-------
  Melee: Unarmed           |    34 |       |       |       ||    34
         Tailslap          |     5 |    30 |    62 |    42 ||   139
         Dagger            |     8 |   242 |   356 |   195 ||   801
         Punch             |       |       |     3 |     4 ||     7
         Staff             |       |       |       |     8 ||     8
   Cast: Freeze            |    41 |    27 |    32 |   158 ||   258
         Frozen Ramparts   |       |     7 |    32 |    51 ||    90
         Ozocubu's Armour  |       |     3 |    20 |    33 ||    56
         Freezing Cloud    |       |       |       |    18 ||    18
Ability: Breathe Steam     |       |       |       |     5 ||     5
  Evoke: Wand              |       |       |       |     2 ||     2
    Use: Scroll            |       |       |     9 |     2 ||    11
         Potion            |       |       |       |     3 ||     3
   Stab: Sleeping          |       |     2 |     4 |       ||     6
 Armour: Skin              |    44 |   113 |   261 |   324 ||   742
  Dodge: Dodged            |    61 |   160 |   266 |   310 ||   797

Table legend: (Time is in decaauts)
 A = Elapsed time spent in this place.
 B = Non-inter-level travel time spent in this place.
 C = Inter-level travel time spent in this place.
 D = Time resting spent in this place.
 E = Time spent auto-exploring this place.
 F = Levels seen in this place.
 G = Mean time per level.
                   A        B        C        D        E       F      G
               +--------+--------+--------+--------+--------+-----+--------+
         Total |  17798 |  17436 |    362 |   5597 |   8494 |  14 | 1271.3 |
       Dungeon |  16630 |  16290 |    340 |   5447 |   7797 |  12 | 1385.8 |
        Temple |     24 |      2 |     22 |      0 |      0 |   1 |   24.0 |
         Sewer |   1143 |   1143 |      0 |    150 |    696 |   1 | 1143.0 |
               +--------+--------+--------+--------+--------+-----+--------+

Top non-repeatable levels by time:
    D:10: 2618 daAuts
     D:7: 2238 daAuts
     D:8: 2220 daAuts
     D:6: 2091 daAuts
     D:9: 1919 daAuts
    D:11: 1358 daAuts
   Sewer: 1143 daAuts
     D:2: 947 daAuts
     D:5: 913 daAuts
     D:1: 808 daAuts
     D:3: 774 daAuts
     D:4: 674 daAuts
    D:12: 65 daAuts
  Temple: 24 daAuts
